[Event "Titled Tuesday Blitz February 22 Late 2022"]
[White "Medeiros Jr, Francisco De Assis"]
[Black "Villegas, Pierre"]
[WhiteFideId "2114267"]
[BlackFideId "654183"]
[WhiteElo "1998"]
[BlackElo "2410"]
[Result "1-0"]
[Round "02"]
[TimeControl "180+1"]
[Date "2022.02.23"]
[WhiteClock "0:00:10"]
[BlackClock "0:00:02"]

1. d4 d5 2. Nf3 Nf6 3. Bg5 Ne4 4. Bf4 c5 5. c3 Nc6 6. e3 Bf5 7. Nbd2 e6 8. Nxe4 Bxe4 9. Bd3 Bxd3 10. Qxd3 Qb6 11. Rb1 Be7 12. O-O O-O 13. dxc5 Qxc5 14. b4 Qb6 15. Rfc1 Rfd8 16. a4 Rdc8 17. a5 Qd8 18. h3 f6 19. e4 e5 20. Be3 dxe4 21. Qxe4 Qd7 22. Rd1 Qe6 23. a6 b6 24. Rd3 Rd8 25. Rbd1 f5 26. Rxd8+ Rxd8 27. Rxd8+ Bxd8 28. Qc2 Bf6 29. Bg5 e4 30. b5 Na5 31. Nd4 Bxd4 32. cxd4 Qc4 33. Qb1 Nb3 34. Be3 g6 35. Qa2 Kf7 36. Bg5 Ke6 37. Kh2 Qxb5 38. Qc2 Kd6 39. Qc8 Qc6 40. Qf8+ Kd5 41. Qf7+ Kxd4 42. Qxa7 Qc5 43. Be3+ Kc3 44. Bxc5 Nxc5 45. Qb7 Nxb7 46. axb7 b5 47. b8=Q 1-0


[Site "https://www.chess.com"]

[Event "Titled Tuesday Blitz February 22 Late 2022"]
[White "Melian, Juan Sebastian"]
[Black "Fikh, Anthony"]
[WhiteFideId "3706575"]
[BlackFideId "3224562"]
[WhiteElo "1842"]
[BlackElo "1931"]
[Result "1-0"]
[Round "02"]
[TimeControl "180+1"]
[Date "2022.02.23"]
[WhiteClock "0:00:05"]
[BlackClock "0:00:07"]

1. e4 c6 2. d4 d5 3. exd5 cxd5 4. Bd3 Nc6 5. c3 Qc7 6. Ne2 Bg4 7. O-O e6 8. Qe1 Nf6 9. f3 Bh5 10. Qh4 Rg8 11. Bg5 Bg6 12. Nf4 Be7 13. Nxg6 hxg6 14. Nd2 O-O-O 15. Bf4 Bd6 16. Bxd6 Qxd6 17. Qg3 Qxg3 18. hxg3 Nh5 19. Kf2 Kb8 20. Rfe1 Rge8 21. f4 Nf6 22. Kf3 Rh8 23. Rh1 Kc7 24. g4 Ne7 25. g5 Nd7 26. g4 Kd6 27. Kg3 f6 28. Nf3 f5 29. Rae1 Rde8 30. Ne5 Nxe5 31. fxe5+ Kd7 32. Bb5+ Nc6 33. gxf5 gxf5 34. Bxc6+ bxc6 35. g6 Rh6 36. Rxh6 gxh6 37. Kh4 Ke7 38. Kh5 Rh8 39. g7 Rg8 40. Kg6 h5 41. Rh1 Ke8 42. Rxh5 f4 43. Rh8 1-0


[Site "https://www.chess.com"]

[Event "Titled Tuesday Blitz February 22 Late 2022"]
[White "Mikheev, Stanislav"]
[Black "Avila Pavas, Santiago"]
[WhiteFideId "4135920"]
[BlackFideId "4437128"]
[WhiteElo "2249"]
[BlackElo "2242"]
[Result "0-1"]
[Round "02"]
[TimeControl "180+1"]
[Date "2022.02.23"]
[WhiteClock "0:00:23"]
[BlackClock "0:01:21"]

1. d4 Nf6 2. c4 c5 3. d5 b5 4. cxb5 a6 5. bxa6 g6 6. Nc3 Bg7 7. Nf3 O-O 8. a7 Rxa7 9. e4 e6 10. Be2 exd5 11. exd5 d6 12. O-O Na6 13. Bf4 Re8 14. Nd2 Nb4 15. Nc4 Rd7 16. a3 Nbxd5 17. Nxd5 Nxd5 18. Qxd5 Rxe2 19. Nxd6 Re6 20. Rad1 Bf8 21. Qxc5 Ba6 22. Nb5 Bxc5 0-1


[Site "https://www.chess.com"]

[Event "Titled Tuesday Blitz February 22 Late 2022"]
[White "Mortazavi, Ali"]
[Black "Lock, Gavin R"]
[WhiteFideId "401323"]
[BlackFideId "408646"]
[WhiteElo "2339"]
[BlackElo "2104"]
[Result "1-0"]
[Round "02"]
[TimeControl "180+1"]
[Date "2022.02.23"]
[WhiteClock "0:00:35"]
[BlackClock "0:00:01"]

1. Nf3 d5 2. g3 c5 3. Bg2 Nc6 4. O-O e5 5. d3 Be7 6. c4 Nf6 7. Nc3 d4 8. Na4 O-O 9. e4 Ne8 10. Nd2 Rb8 11. f4 exf4 12. gxf4 f5 13. exf5 Bxf5 14. Ne4 Nf6 15. Naxc5 Qe8 16. a3 Qg6 17. b4 Kh8 18. Qf3 Bxc5 19. bxc5 Rbe8 20. Re1 Bg4 21. Qf2 h5 22. Bd2 Bf5 23. Qf3 1-0


[Site "https://www.chess.com"]

[Event "Titled Tuesday Blitz February 22 Late 2022"]
[White "Moskvin, Anatoly"]
[Black "Muradli, Mahammad"]
[WhiteFideId "24199990"]
[BlackFideId "13409301"]
[WhiteElo "2079"]
[BlackElo "2645"]
[Result "0-1"]
[Round "02"]
[TimeControl "180+1"]
[Date "2022.02.23"]
[WhiteClock "0:00:02"]
[BlackClock "0:01:07"]

1. e4 Nf6 2. Nc3 d5 3. e5 Nfd7 4. e6 fxe6 5. d4 c5 6. Nf3 Nc6 7. Bb5 g6 8. h4 Bg7 9. Bxc6 bxc6 10. h5 Qb6 11. hxg6 cxd4 12. Ne2 hxg6 13. Rxh8+ Bxh8 14. Nexd4 c5 15. Qd3 Nf8 16. Ne2 Ba6 17. Qa3 e5 18. Nc3 Rd8 19. Qa4+ Kf7 20. Ng5+ Kg8 21. Qh4 Bf6 22. Qg3 e4 23. Nh3 Kf7 24. Bh6 Qxb2 25. Ng5+ Kg8 0-1


[Site "https://www.chess.com"]

[Event "Titled Tuesday Blitz February 22 Late 2022"]
[White "Munoz, Francisco Javier"]
[Black "Boros, Denes"]
[WhiteFideId "128368"]
[BlackFideId "722340"]
[WhiteElo "2548"]
[BlackElo "2813"]
[Result "0-1"]
[Round "02"]
[TimeControl "180+1"]
[Date "2022.02.23"]
[WhiteClock "0:00:03"]
[BlackClock "0:00:33"]

1. e4 c5 2. Nf3 e6 3. c3 d5 4. exd5 Qxd5 5. d4 Nf6 6. Bd3 Nbd7 7. O-O Be7 8. Be3 O-O 9. c4 Qc6 10. Nc3 cxd4 11. Nxd4 Qc7 12. Ndb5 Qa5 13. a3 a6 14. b4 Qd8 15. Nd4 Qc7 16. c5 Rd8 17. Qe2 Ne5 18. Bc2 Ng6 19. Rac1 Bd7 20. Rfd1 Rac8 21. Bb3 Re8 22. h3 Bf8 23. Na4 e5 24. Nf3 e4 25. Nd4 Rcd8 26. Nb6 Ne5 27. Qa2 Bc6 28. Nxc6 bxc6 29. Rxd8 Rxd8 30. Rd1 Nd3 31. Qc2 Nd5 32. Qc4 Nxe3 33. fxe3 Qe7 34. Rf1 Ne5 35. Qxe4 g6 36. Bxf7+ Nxf7 37. Qxc6 Qxe3+ 38. Kh1 Be7 39. Qf3 Qe6 40. c6 Ng5 41. c7 Nxf3 42. cxd8=Q+ Bxd8 43. Rxf3 Qe1+ 44. Kh2 Bc7+ 45. g3 Qe2+ 46. Kh1 Qxf3+ 0-1


[Site "https://www.chess.com"]

[Event "Titled Tuesday Blitz February 22 Late 2022"]
[White "Naroditsky, Daniel"]
[Black "Lin, Dachey"]
[WhiteFideId "2026961"]
[BlackFideId "2029650"]
[WhiteElo "2608"]
[BlackElo "2716"]
[Result "0-1"]
[Round "02"]
[TimeControl "180+1"]
[Date "2022.02.22"]
[WhiteClock "0:00:57"]
[BlackClock "0:01:04"]

1. e4 g6 2. d4 Bg7 3. Nc3 d5 4. exd5 Nf6 5. Bc4 Nbd7 6. Bb3 Nb6 7. Nf3 O-O 8. O-O Nbxd5 9. Nxd5 Nxd5 10. h3 c6 11. c3 Be6 12. Re1 a5 13. Bc2 b5 14. Ng5 Nc7 15. Nxe6 Nxe6 16. Qg4 Nc7 17. Bf4 Nd5 18. Be5 e6 19. h4 b4 20. c4 Nb6 21. b3 Nd7 22. Bxg7 Kxg7 23. Rad1 Ra7 24. Qg3 Nf6 25. Qe5 Qb8 26. Qg5 h6 27. Qc5 Rc8 28. Re3 Rd7 29. Qxa5 Ra7 30. Qc5 Nd7 31. Qe7 Re8 32. Rxe6 Rxe7 33. Rxe7 Nf6 34. Re3 Rxa2 35. Bb1 Rb2 36. d5 cxd5 37. cxd5 Nxd5 0-1


[Site "https://www.chess.com"]

[Event "Titled Tuesday Blitz February 22 Late 2022"]
[White "Nasuta, Grzegorz"]
[Black "Deac, Bogdan-Daniel"]
[WhiteFideId "1141686"]
[BlackFideId "1226380"]
[WhiteElo "2396"]
[BlackElo "2646"]
[Result "0-1"]
[Round "02"]
[TimeControl "180+1"]
[Date "2022.02.22"]
[WhiteClock "0:00:06"]
[BlackClock "0:00:07"]

1. e4 e5 2. Nf3 Nf6 3. d4 Nxe4 4. dxe5 d5 5. Nbd2 Nc5 6. Be2 Be7 7. O-O O-O 8. Nb3 Ne6 9. Nfd4 c5 10. Nf5 Nc6 11. f4 c4 12. Nbd4 Nexd4 13. Nxd4 Bc5 14. c3 f6 15. exf6 Qxf6 16. Be3 Re8 17. Qd2 Qe7 18. Rf3 Bg4 19. Nf5 Qf7 20. Bxc5 Bxf3 21. Bxf3 Qxf5 22. Qxd5+ Qxd5 23. Bxd5+ Kh8 24. Bxc4 Re4 25. Bd5 Rxf4 26. Re1 Rf5 27. c4 h6 28. b4 a6 29. a4 Rc8 30. Be6 Re8 31. Bxf5 Rxe1+ 32. Kf2 Rc1 33. Be6 Ne5 34. Bd5 Nd3+ 35. Ke3 Nxc5 36. bxc5 Rb1 37. a5 g5 38. g4 Kg7 39. Kd4 Kf6 40. c6 bxc6 41. Bxc6 Ke6 42. Bd5+ Kd7 43. c5 Ra1 44. Ke5 Rxa5 45. c6+ Kc7 46. Ke6 Ra4 47. h3 Rf4 0-1


[Site "https://www.chess.com"]

[Event "Titled Tuesday Blitz February 22 Late 2022"]
[White "Oparin, Grigoriy"]
[Black "Vovk, Orest"]
[WhiteFideId "24125890"]
[BlackFideId "14113490"]
[WhiteElo "2685"]
[BlackElo "2203"]
[Result "1-0"]
[Round "02"]
[TimeControl "180+1"]
[Date "2022.02.22"]
[WhiteClock "0:01:50"]
[BlackClock "0:00:06"]

1. d4 e5 2. dxe5 Nc6 3. Nf3 Qe7 4. c3 Nxe5 5. Nxe5 Qxe5 6. Qd4 Qxd4 7. cxd4 Bb4+ 8. Nc3 Nf6 9. a3 Bxc3+ 10. bxc3 d5 11. f3 c6 12. Bf4 O-O 13. g4 h6 14. h4 Re8 15. Kd2 b6 16. e3 Be6 17. Bd3 Nd7 18. a4 Nf8 19. a5 b5 20. e4 dxe4 21. fxe4 Bxg4 22. h5 Ne6 23. Be3 Ng5 24. Bxg5 hxg5 25. Rhg1 Bxh5 26. Rxg5 Bg6 27. Rag1 Kf8 28. e5 Bxd3 29. Kxd3 g6 30. Rf1 Kg7 31. Rf6 Rac8 32. Rg3 Rc7 33. a6 Rh8 34. Rd6 Rh1 35. e6 fxe6 36. Rxe6 Rh6 37. Rd6 Kh7 38. Kc2 c5 39. dxc5 Rh5 40. c6 Rc5 41. Rd7+ Rxd7 42. cxd7 Rd5 43. Rd3 1-0


[Site "https://www.chess.com"]

[Event "Titled Tuesday Blitz February 22 Late 2022"]
[White "Ozates, Tuna"]
[Black "De Souza, Cristiano Gomes"]
[WhiteFideId "6354521"]
[BlackFideId "2151758"]
[WhiteElo "1872"]
[BlackElo "2068"]
[Result "1-0"]
[Round "02"]
[TimeControl "180+1"]
[Date "2022.02.23"]
[WhiteClock "0:02:10"]
[BlackClock "0:01:25"]

1. Nf3 Nf6 2. c4 g6 3. Nc3 Bg7 4. g3 d6 5. Bg2 O-O 6. O-O Nc6 7. Rb1 a5 8. a3 Be6 9. d3 h6 10. b4 axb4 11. axb4 Qd7 12. b5 Na5 13. Re1 Bh3 14. Bh1 Ng4 15. Bd2 c6 16. Na4 Qd8 17. bxc6 bxc6 18. Nb6 Ra7 19. Qa4 Qc7 20. Bxa5 Rb8 21. c5 dxc5 22. Nc4 Qc8 23. Rxb8 Qxb8 24. Qxc6 Ne5 25. Nfxe5 Bxe5 26. Qxc5 Ra6 27. Nxe5 1-0


[Site "https://www.chess.com"]

[Event "Titled Tuesday Blitz February 22 Late 2022"]
[White "Pakleza, Zbigniew"]
[Black "Aldokhin, Ivan"]
[WhiteFideId "1119290"]
[BlackFideId "24115720"]
[WhiteElo "2804"]
[BlackElo "2507"]
[Result "1-0"]
[Round "02"]
[TimeControl "180+1"]
[Date "2022.02.23"]
[WhiteClock "0:00:15"]
[BlackClock "0:00:01"]

1. d4 Nf6 2. Nf3 g6 3. Bf4 Bg7 4. e3 O-O 5. Be2 b6 6. h3 Bb7 7. O-O d6 8. c3 Nbd7 9. Nbd2 c5 10. a4 a6 11. Bg3 Qc7 12. Qb3 Rac8 13. Rfe1 Qb8 14. Bd3 Qa8 15. e4 c4 16. Bxc4 Nxe4 17. Nxe4 Bxe4 18. Bxf7+ Rxf7 19. Rxe4 Qxe4 20. Qxf7+ Kxf7 21. Ng5+ Kg8 22. Nxe4 h6 23. Kf1 d5 24. Nd2 e5 25. dxe5 Bxe5 26. Bxe5 Nxe5 27. Re1 Nc4 28. Nxc4 Rxc4 29. Re6 Kf7 30. Rxb6 Rxa4 31. Ke2 a5 32. Kd3 Ra1 33. Ra6 h5 34. Kd4 Rb1 35. Rxa5 Rxb2 36. f4 Ke6 37. g4 hxg4 38. hxg4 Rg2 39. Ra6+ Kf7 40. g5 Rd2+ 41. Ke5 Rf2 42. Ra7+ Ke8 43. Rc7 Kd8 44. Rc5 Ke7 45. Rxd5 Re2+ 46. Kd4 Rd2+ 47. Kc4 Rf2 48. Rd4 Ke6 49. Kc5 Rf3 50. c4 Kf5 51. Kd5 Ra3 52. c5 Ra5 53. Kd6 Ra8 54. c6 Rd8+ 55. Kc5 Rg8 56. c7 Rc8 57. Kc6 1-0


[Site "https://www.chess.com"]

[Event "Titled Tuesday Blitz February 22 Late 2022"]
[White "Papasimakopoulos, Alexandros"]
[Black "Baches Garcia, Guillermo"]
[WhiteFideId "4244125"]
[BlackFideId "2209764"]
[WhiteElo "2340"]
[BlackElo "2405"]
[Result "1-0"]
[Round "02"]
[TimeControl "180+1"]
[Date "2022.02.23"]
[WhiteClock "0:01:11"]
[BlackClock "0:00:02"]

1. d4 Nf6 2. c4 e6 3. Nc3 Bb4 4. Qc2 O-O 5. a3 Bxc3+ 6. Qxc3 b6 7. Bg5 Bb7 8. f3 d5 9. e3 Nbd7 10. cxd5 exd5 11. Bd3 Re8 12. Ne2 h6 13. Bh4 c5 14. O-O Rc8 15. Qd2 Qe7 16. Bf2 c4 17. Bc2 b5 18. Ng3 g6 19. Rae1 h5 20. e4 h4 21. exd5 Qd6 22. Ne4 Qxd5 23. Bxh4 Nh5 24. Qh6 Qxd4+ 25. Kh1 Bxe4 26. Bxe4 Qg7 27. Qd2 Nhf6 28. Bc2 Ne5 29. Qd6 Nh5 30. f4 Nd3 31. Bxd3 cxd3 32. Qd7 Rf8 33. Qxd3 Qxb2 34. f5 Qc2 35. Qxb5 Rc4 36. Be7 Rh4 37. Bxh4 1-0


[Site "https://www.chess.com"]

[Event "Titled Tuesday Blitz February 22 Late 2022"]
[White "Papp, Levente"]
[Black "Kirillov, Dmitry"]
[WhiteFideId "751243"]
[BlackFideId "34180572"]
[WhiteElo "2308"]
[BlackElo "2076"]
[Result "1-0"]
[Round "02"]
[TimeControl "180+1"]
[Date "2022.02.23"]
[WhiteClock "0:00:31"]
[BlackClock "0:00:11"]

1. c4 e5 2. g3 c6 3. Nf3 e4 4. Nd4 d5 5. cxd5 Qxd5 6. Nc2 Nf6 7. Nc3 Qe5 8. Bg2 Be7 9. O-O O-O 10. Ne3 Na6 11. b3 Nc7 12. Bb2 Qe6 13. Qc2 Ncd5 14. Nxe4 Nxe3 15. dxe3 Nxe4 16. Bxe4 g6 17. Rad1 Bf6 18. Bg2 Bxb2 19. Qxb2 Bd7 20. Qa3 Rfd8 21. Rd6 Qe8 22. Rfd1 Be6 23. Bf3 a6 24. h4 h5 25. Qc5 Rxd6 26. Qxd6 Rc8 27. e4 Qf8 28. e5 Qe8 29. Kg2 Kg7 30. Rd2 Kg8 31. b4 Ra8 32. Qc7 Rb8 33. a4 Kf8 34. a5 Qc8 35. Qd6+ Kg8 36. Qc5 Qc7 37. Rd6 Rd8 38. Qd4 Rd7 39. e4 Kf8 40. Be2 Ke7 41. Rxd7+ Qxd7 42. Qxd7+ Kxd7 43. f4 c5 44. bxc5 Kc6 45. f5 gxf5 46. Bxh5 fxe4 47. Be2 Kxc5 48. h5 Bf5 49. g4 Bh7 50. Kg3 Kd5 51. Kf4 e3 52. g5 Kd4 53. e6 fxe6 54. g6 Bg8 55. h6 e5+ 56. Kg3 Kc3 57. h7 Bxh7 58. gxh7 Kd2 59. Kf3 1-0


[Site "https://www.chess.com"]

[Event "Titled Tuesday Blitz February 22 Late 2022"]
[White "Papp, Petra"]
[Black "Sailer, Mike"]
[WhiteFideId "739049"]
[BlackFideId "2012901"]
[WhiteElo "2259"]
[BlackElo "2109"]
[Result "1-0"]
[Round "02"]
[TimeControl "180+1"]
[Date "2022.02.23"]
[WhiteClock "0:00:15"]
[BlackClock "0:00:01"]

1. d4 d5 2. c4 Bf5 3. cxd5 Bxb1 4. Rxb1 Qxd5 5. b3 Nc6 6. Nf3 e5 7. Bb2 O-O-O 8. a3 Nxd4 9. Nxd4 exd4 10. Rc1 Nf6 11. Qc2 c6 12. b4 Bd6 13. Qc4 Qxc4 14. Rxc4 Be5 15. g3 Ng4 16. Bh3 f5 17. O-O Rhe8 18. b5 Re6 19. Rfc1 Rdd6 20. a4 Kc7 21. Ba3 Rd8 22. Bg2 d3 23. exd3 Rxd3 24. bxc6 bxc6 25. Bc5 Rd2 26. Bxa7 Bd6 27. Rxc6+ Kd7 28. Rb6 Ree2 29. Bf3 Rxf2 30. Rxd6+ Kxd6 31. Bxf2 Nxf2 32. Bg2 1-0


[Site "https://www.chess.com"]

[Event "Titled Tuesday Blitz February 22 Late 2022"]
[White "Perez Gormaz, Matias"]
[Black "Sviridov, Valery"]
[WhiteFideId "3406342"]
[BlackFideId "4120680"]
[WhiteElo "2352"]
[BlackElo "2454"]
[Result "1/2-1/2"]
[Round "02"]
[TimeControl "180+1"]
[Date "2022.02.22"]
[WhiteClock "0:00:18"]
[BlackClock "0:01:10"]

1. e4 Nf6 2. e5 Nd5 3. d4 d6 4. Nf3 dxe5 5. Nxe5 c6 6. Be2 Nd7 7. Nf3 N7f6 8. c4 Nb6 9. O-O Bg4 10. b3 e6 11. Bb2 Be7 12. Nc3 O-O 13. Re1 Qc7 14. Ne5 Bxe2 15. Qxe2 Rad8 16. Rad1 Nbd7 17. Nf3 Rfe8 18. Ne4 Nxe4 19. Qxe4 Bf6 20. Qc2 g6 21. g3 h5 22. Kg2 Qa5 23. a3 Qf5 24. Re4 Nc5 25. dxc5 Rxd1 26. Bxf6 Rd7 27. Bb2 e5 28. Qe2 f6 29. Nh4 Qg5 30. f4 Qh6 31. Nf3 Rde7 32. fxe5 g5 33. e6 f5 34. Re5 Rxe6 35. Rxe6 Qxe6 36. Qxe6+ Rxe6 37. Kf2 g4 38. Nd4 Re7 39. Bc1 Kh7 40. Bf4 Kg6 41. Bd6 Re8 42. a4 Re4 43. Ne2 Re8 44. Nf4+ Kg7 45. Nxh5+ Kf7 46. Nf4 Rh8 47. Kg2 Re8 48. Kf2 Rh8 49. Kg2 Re8 50. Kf2 1/2-1/2


[Site "https://www.chess.com"]

[Event "Titled Tuesday Blitz February 22 Late 2022"]
[White "Petersson, Kjell"]
[Black "Koutlas, Nikolaos"]
[WhiteFideId "1705148"]
[BlackFideId "25827138"]
[WhiteElo "2009"]
[BlackElo "1610"]
[Result "0-1"]
[Round "02"]
[TimeControl "180+1"]
[Date "2022.02.23"]
[WhiteClock "0:00:08"]
[BlackClock "0:00:54"]

1. d4 Nf6 2. Bf4 g6 3. Nc3 Bg7 4. e4 c5 5. Nf3 cxd4 6. Nxd4 Nc6 7. Nxc6 bxc6 8. Qd2 Qb6 9. O-O-O Nxe4 10. Qd3 Nxf2 11. Qd2 Nxd1 12. Nxd1 O-O 13. h4 Ba6 14. h5 Bxf1 15. Rxf1 Qa6 16. Rh1 Qxa2 17. Qe2 e5 18. Be3 d5 19. hxg6 fxg6 20. Bh6 Bxh6+ 21. Rxh6 Rae8 22. Qe1 Qa1+ 23. Kd2 Qa5+ 24. c3 Qd8 25. Qg3 Qf6 26. Kc2 Qf4 27. Rxg6+ hxg6 28. Qxg6+ Kh8 29. Qh5+ Kg7 0-1


[Site "https://www.chess.com"]

[Event "Titled Tuesday Blitz February 22 Late 2022"]
[White "Pichot, Alan"]
[Black "Sargsyan, Anna M."]
[WhiteFideId "110973"]
[BlackFideId "13308130"]
[WhiteElo "2543"]
[BlackElo "2271"]
[Result "1-0"]
[Round "02"]
[TimeControl "180+1"]
[Date "2022.02.22"]
[WhiteClock "0:00:34"]
[BlackClock "0:00:04"]

1. e4 e5 2. Nf3 Nc6 3. Bb5 a6 4. Ba4 Nf6 5. O-O Nxe4 6. d4 b5 7. Bb3 d5 8. dxe5 Be6 9. Nbd2 Be7 10. c3 O-O 11. Bc2 f5 12. Nb3 Qd7 13. Nfd4 Nxd4 14. Nxd4 c5 15. Ne2 Rad8 16. a4 d4 17. cxd4 cxd4 18. Nf4 Bc4 19. Bd3 Nc5 20. Bxc4+ bxc4 21. Qc2 c3 22. bxc3 d3 23. Qa2+ Kh8 24. Be3 Ne4 25. Ne6 Nxc3 26. Nxf8 Bxf8 27. Qc4 Rc8 28. Qxa6 Rc6 29. Qa8 Rc8 30. Qa6 Rc6 31. Qa5 d2 32. e6 Qd6 33. e7 Bxe7 34. Bxd2 Ne2+ 35. Kh1 Bd8 36. Qb4 Rc5 37. Be3 Rd5 38. Qxd6 Rxd6 39. Rfd1 Rxd1+ 40. Rxd1 Ba5 1-0


[Site "https://www.chess.com"]

[Event "Titled Tuesday Blitz February 22 Late 2022"]
[White "Piesik, Piotr"]
[Black "Quirke, Jeffrey"]
[WhiteFideId "1136194"]
[BlackFideId "2013029"]
[WhiteElo "2232"]
[BlackElo "2212"]
[Result "1-0"]
[Round "02"]
[TimeControl "180+1"]
[Date "2022.02.23"]
[WhiteClock "0:02:17"]
[BlackClock "0:00:05"]

1. Nf3 Nf6 2. g3 e6 3. Bg2 d5 4. O-O c5 5. d3 Nc6 6. Nbd2 Be7 7. e4 O-O 8. c3 Qc7 9. Qe2 b5 10. e5 Nd7 11. Re1 Bb7 12. h4 Rfc8 13. Nf1 Qd8 14. Bg5 h6 15. Bxe7 Qxe7 16. N1h2 a5 17. Qd2 a4 18. Ng4 Qf8 19. Qf4 a3 20. b3 b4 21. c4 Nb6 22. Ne3 Ne7 23. h5 dxc4 24. dxc4 Rd8 25. Rad1 Rxd1 26. Rxd1 Rd8 27. Rd6 Nec8 28. Rxd8 Qxd8 29. g4 Qd3 30. g5 Qe4 31. Qg3 Qb1+ 32. Kh2 hxg5 33. Qxg5 Kh7 34. Qf4 Qxa2 35. Ng5+ Kh8 36. Qxf7 Ne7 37. Qxe7 Qxf2 38. Qe8+ Qf8 39. Qxf8# 1-0


[Site "https://www.chess.com"]

[Event "Titled Tuesday Blitz February 22 Late 2022"]
[White "Pinheiro, Iung Alicio de O."]
[Black "Mickiewicz, Piotr"]
[WhiteFideId "2104350"]
[BlackFideId "1114891"]
[WhiteElo "2608"]
[BlackElo "2266"]
[Result "0-1"]
[Round "02"]
[TimeControl "180+1"]
[Date "2022.02.23"]
[WhiteClock "0:00:08"]
[BlackClock "0:00:04"]

1. e4 c5 2. Nf3 e6 3. c3 Nf6 4. e5 Nd5 5. Bc4 d6 6. Qe2 Be7 7. d4 cxd4 8. cxd4 O-O 9. O-O Nc6 10. a3 Bd7 11. Bd2 Rc8 12. Nc3 Nxc3 13. Bxc3 Na5 14. Bd3 Bc6 15. Rad1 Bd5 16. Bb1 Nc4 17. Rfe1 Nxa3 18. Bd3 Nc4 19. h4 Bxh4 20. g3 Be7 21. Kg2 f5 22. exf6 Rxf6 23. Be4 Bxe4 24. Qxe4 d5 25. Qg4 Qf8 26. Re2 Rf5 27. Ng1 Qf7 28. f4 h5 29. Qh3 g5 30. Rde1 gxf4 31. Rxe6 f3+ 32. Nxf3 Bd6 33. Nh4 Rf2+ 34. Kg1 Rf8 35. Rg6+ Kh7 36. Rg5 Rc2 37. Nf3 Qxf3 38. Rxh5+ Kg6 39. Rh6+ Kg7 40. Rh7+ Kf6 41. Qh6+ Kf5 42. Rf1 Rg2+ 43. Kh1 Qxf1# 0-1


[Site "https://www.chess.com"]

[Event "Titled Tuesday Blitz February 22 Late 2022"]
[White "Polanco Nunez, Yoel Estarling"]
[Black "Yang, Kaiqi"]
[WhiteFideId "6401783"]
[BlackFideId "8604398"]
[WhiteElo "2132"]
[BlackElo "2373"]
[Result "0-1"]
[Round "02"]
[TimeControl "180+1"]
[Date "2022.02.23"]
[WhiteClock "0:00:47"]
[BlackClock "0:00:34"]

1. Nf3 Nf6 2. d4 g6 3. c4 Bg7 4. Nc3 O-O 5. e4 d6 6. Be2 Na6 7. O-O e5 8. Be3 Ng4 9. Bg5 f6 10. Bh4 Nh6 11. dxe5 dxe5 12. Qd5+ Nf7 13. Rfd1 Qe8 14. Qd2 c6 15. a3 Nc5 16. Qc2 Bg4 17. h3 Bxf3 18. Bxf3 Ne6 19. Ne2 h5 20. b4 Qe7 21. Qb2 Rfd8 22. Qc3 Bh6 23. c5 Kg7 24. Qc4 Bg5 25. Bg3 Bd2 26. h4 Rd7 27. Ra2 Rad8 28. Qc2 Bh6 29. Rxd7 Rxd7 30. Nc3 Nd4 31. Qd3 Qd8 32. Kh2 Nxf3+ 33. Qxf3 Rd3 34. Qe2 Rxc3 35. f4 Bxf4 0-1


[Site "https://www.chess.com"]

[Event "Titled Tuesday Blitz February 22 Late 2022"]
[White "Ponkratov, Pavel"]
[Black "Salimova, Nurgyul"]
[WhiteFideId "4157800"]
[BlackFideId "2915138"]
[WhiteElo "2487"]
[BlackElo "2185"]
[Result "1/2-1/2"]
[Round "02"]
[TimeControl "180+1"]
[Date "2022.02.22"]
[WhiteClock "0:01:05"]
[BlackClock "0:00:08"]

1. d4 Nf6 2. c4 e6 3. Nc3 Bb4 4. Qa4 c5 5. a3 Bxc3+ 6. bxc3 O-O 7. Bg5 d6 8. f3 Nc6 9. Rd1 cxd4 10. cxd4 Bd7 11. Qb3 Qa5+ 12. Bd2 Nxd4 13. Qd3 Qb6 14. Be3 e5 15. Bxd4 exd4 16. Qxd4 Qa5+ 17. Kf2 Qxa3 18. g4 Be6 19. g5 Nd7 20. Bh3 Nc5 21. Qxd6 Bxc4 22. Bf5 g6 23. Bb1 Rad8 24. Qxd8 Rxd8 25. Rxd8+ Kg7 26. h4 Ne6 27. Rc8 b5 28. h5 Nxg5 29. h6+ Kf6 30. Rc6+ Ne6 31. Rh4 Qb2 32. Be4 a5 33. Ra6 a4 34. Rf4+ Ke5 35. Rxf7 b4 36. Ra5+ Kd6 37. Rxh7 Qd4+ 38. Kg2 Nf4+ 39. Kg3 Qxg1+ 40. Kxf4 g5+ 41. Kf5 Qd4 42. Rb7 Be6+ 43. Kg6 g4 44. Ra6+ Ke5 45. Rb5+ Kf4 46. Rxe6 g3 47. Rf6+ Ke3 48. h7 g2 49. Rg5 Qd8 50. Rxg2 a3 51. Kg7 a2 52. h8=Q Qxf6+ 53. Kxf6 a1=Q+ 54. Ke6 Qxh8 55. Bd5 Qc8+ 56. Ke5 Qb8+ 57. Ke6 b3 58. Rg4 b2 59. Be4 Qb6+ 60. Kf5 Kxe2 61. Kg5 Kf2 62. f4 Qc5+ 63. f5 Qe5 64. Kg6 Qxe4 65. Rxe4 b1=Q 66. Re6 Kf3 67. Kg5 Qg1+ 68. Kh6 Kf4 69. f6 Qg5+ 70. Kh7 Qf5+ 71. Kg7 Qxe6 72. f7 Qe7 73. Kg8 Qg5+ 74. Kh8 Qh5+ 75. Kg8 Qg6+ 76. Kh8 Kg5 77. f8=Q Qf6+ 78. Qg7+ Qxg7+ 79. Kxg7 1/2-1/2


[Site "https://www.chess.com"]

[Event "Titled Tuesday Blitz February 22 Late 2022"]
[White "Prohorov, Olexandr"]
[Black "Karas, Marek"]
[WhiteFideId "14105578"]
[BlackFideId "14928558"]
[WhiteElo "1993"]
[BlackElo "2270"]
[Result "0-1"]
[Round "02"]
[TimeControl "180+1"]
[Date "2022.02.23"]
[WhiteClock "0:00:42"]
[BlackClock "0:01:11"]

1. e4 g6 2. d4 Bg7 3. Nc3 d6 4. Nf3 a6 5. a4 b6 6. Bd3 Bb7 7. Qe2 e6 8. O-O Ne7 9. h3 h6 10. Rd1 Nd7 11. b3 g5 12. Bb2 Ng6 13. g3 Qe7 14. Na2 e5 15. c4 h5 16. Nb4 g4 17. hxg4 hxg4 18. Ne1 exd4 19. Nd5 Bxd5 20. exd5 Nde5 21. Bxg6 fxg6 22. Qd2 O-O-O 23. Bxd4 Rh5 24. Bxe5 Bxe5 25. Qe2 Qd7 26. f4 Bxa1 27. Rxa1 Rdh8 28. Qg2 Rh1+ 29. Qxh1 Rxh1+ 30. Kxh1 Qf5 31. Ng2 Qd3 32. Kh2 Qxb3 33. Re1 Qxc4 34. Re6 Qxd5 35. Rxg6 b5 36. axb5 axb5 37. Rxg4 b4 38. Rg5 Qe4 39. f5 b3 40. f6 Kb7 41. Nf4 b2 42. f7 Qh7+ 43. Kg2 b1=Q 44. Rb5+ Qxb5 45. f8=Q Qc6+ 46. Kf2 Qh2+ 47. Ke3 Qxg3+ 48. Kd4 Qgc3# 0-1


[Site "https://www.chess.com"]

[Event "Titled Tuesday Blitz February 22 Late 2022"]
[White "Qashashvili, Alexandre"]
[Black "Matinian, Nikita"]
[WhiteFideId "13600842"]
[BlackFideId "24129100"]
[WhiteElo "2316"]
[BlackElo "2422"]
[Result "0-1"]
[Round "02"]
[TimeControl "180+1"]
[Date "2022.02.23"]
[WhiteClock "0:00:08"]
[BlackClock "0:01:38"]

1. e4 c5 2. Nc3 Nc6 3. d3 g6 4. Nf3 Bg7 5. Be3 d6 6. Qd2 Nf6 7. Bh6 Bxh6 8. Qxh6 Qb6 9. O-O-O Bg4 10. Be2 Bxf3 11. Bxf3 Nd4 12. Qd2 Qa6 13. Kb1 e5 14. Ne2 b5 15. Nxd4 cxd4 16. c3 dxc3 17. Qxc3 b4 18. Qb3 O-O 19. d4 Rab8 20. dxe5 dxe5 21. Rd2 Qb7 22. Re1 a5 23. Qe3 a4 24. h4 a3 25. b3 Rbc8 26. h5 Rc3 27. Rd3 Rfc8 28. Red1 Rxd3 29. Qxd3 Qc7 30. hxg6 hxg6 31. Qd2 Qc6 32. Qd3 Kg7 33. g3 Rc7 34. Re1 Nh7 35. Rd1 Ng5 36. Bg2 Ne6 37. Qd2 Nd4 38. Rc1 Qxc1+ 39. Qxc1 Rxc1+ 40. Kxc1 Ne2+ 41. Kd2 Nc3 42. Kd3 Nxa2 43. Kc4 Nc1 44. Kxb4 a2 0-1


[Site "https://www.chess.com"]